 Dungeon Crawl Stone Soup version 0.23.2-30-g0e89c35649 (webtiles) character file.

Game seed: 7858340034757340517

494665 4FPSwarrior the Unseen (level 25, -2/136 HPs)
             Began as a Vine Stalker Assassin on June 7, 2019.
             Was a High Priest of Okawaru.
             Slain by an Executioner (4 damage)
             ... on level 3 of the Abyss on June 13, 2019.
             The game lasted 08:42:57 (72467 turns).

4FPSwarrior the Unseen (Vine Stalker Assassin)     Turns: 72467, Time: 08:42:59

Health: -2/136     AC: 18    Str: 20 (21) XL:     25   Next: 10%
Magic:  0/45       EV: 19    Int: 14      God:    Okawaru [*****.]
Gold:   2807       SH: 19    Dex: 16      Spells: 19/49 levels left

rFire    + . .     SeeInvis +   f - +7 quick blade (freeze)
rCold    . . .     Gourm    .   P - +5 shield {reflect}
rNeg     + . .     Faith    .   q - +1 troll leather armour "Tuheg" {Regen+ Str+2 SInv}
rPois    +         Spirit   +   (helmet restricted)
rElec    .         Reflect  +   O - +2 cloak {+Inv}
rCorr    .         Harm     .   c - +2 pair of gloves {archery}
MR       +++..                  h - +2 pair of boots {Stlth+}
Stlth    +++++++++.             D - amulet of regeneration
HPRegen  1.92/turn              n - ring "Wyowifas" {rF+ rN+}
MPRegen  0.29/turn              m - ring of magical power

@: about to teleport
A: antennae 1, claws 1, fangs 3, iridescent scales 1, blurry vision 1, clumsy 2,
deterioration 1, low mp 1, poison resistance, regeneration 2, wild magic 1,
magic shield, antimagic bite, no potion heal 3, rot immunity
}: 2/15 runes: decaying, gossamer
a: Heroism, Finesse, Renounce Religion, Evoke Invisibility


You were on level 3 of the Abyss.
You worshipped Okawaru.
Okawaru was extremely pleased with you.
You were not hungry.

You visited 10 branches of the dungeon, and saw 49 of its levels.
You visited Pandemonium 1 time, and saw 1 of its levels.
You visited the Abyss 2 times.
You also visited: Ice Cave.

You collected 4982 gold pieces.
You spent 2175 gold pieces at shops.

Inventory:

Hand Weapons
 f - a +7 quick blade of freezing (weapon)
Missiles
 i - 2 silver javelins
 l - 5 javelins of returning (quivered)
 o - 8 steel javelins
 I - 5 javelins of penetration
 T - 5 curare-tipped needles
Armour
 c - a +2 pair of gloves of archery (worn)
 h - a +2 pair of boots of stealth (worn)
 p - +0 ice dragon scales
 q - the +1 troll leather armour "Tuheg" (worn) {Regen+ Str+2 SInv}
   (You took it off a spriggan defender on level 2 of the Depths)

   It affects your strength (+2).
   It lets you see invisible.
   It increases your rate of regeneration.
 C - +1 swamp dragon scales
 M - a +2 robe of magic resistance
 O - a +2 cloak of invisibility (worn)
 P - a +5 shield of reflection (worn)
 Q - a +2 helmet of see invisible
Jewellery
 b - an uncursed amulet of magic regeneration
 j - an uncursed ring of resist corrosion
 m - a ring of magical power (right hand)
 n - the ring "Wyowifas" (left hand) {rF+ rN+}
   (You found it on level 4 of the Swamp)

   [ring of protection from fire]

   It protects you from fire.
   It protects you from negative energy.
 A - a +5 ring of slaying
 D - an amulet of regeneration (around neck)
 H - an uncursed ring of protection from magic
Wands
 d - a wand of iceblast (20)
 e - a wand of scattershot (16)
 r - a wand of digging (9)
 y - a wand of acid (2)
 X - a wand of flame (52)
Scrolls
 k - a scroll of remove curse
 u - 2 scrolls of acquirement
 v - 3 scrolls of amnesia
 w - 4 scrolls of fog
 x - a scroll of summoning
 B - 2 scrolls of blinking
 E - 17 scrolls of teleportation
 J - 4 scrolls of magic mapping
 K - 4 scrolls of vulnerability
 L - 4 scrolls of fear
 N - a scroll of silence
 Y - 4 scrolls of enchant armour
Potions
 a - 2 potions of haste
 s - 10 potions of flight
 t - 3 potions of brilliance
 z - 5 potions of ambrosia
 F - 7 potions of agility
 G - 7 potions of curing
 R - 2 potions of lignification
 S - 3 potions of resistance
 V - 2 potions of magic
 Z - a potion of mutation
Comestibles
 g - 52 rations


   Skills:
 + Level 15.2 Fighting
 - Level 14.0 Short Blades
 + Level 11.7 Throwing
 + Level 7.9 Armour
 + Level 9.6 Dodging
 + Level 20.9 Stealth
 - Level 15.0 Shields
 - Level 12.6 Spellcasting
 * Level 15.2 Hexes
 - Level 9.0 Charms
 - Level 2.5 Translocations
 - Level 7.7 Air Magic
 - Level 8.0 Invocations
 - Level 5.0 Evocations


You had 19 spell levels left.
You knew the following spells:

 Your Spells              Type           Power        Failure   Level  Hunger
a - Spectral Weapon       Hex/Chrm       ######..     1%          3    None
b - Song of Slaying       Chrm           #####...     1%          2    None
c - Swiftness             Chrm/Air       #####...     1%          2    None
d - Airstrike             Air            #####.....   6%          4    ###....
e - Blink                 Tloc           N/A          8%          2    None
f - Confuse               Hex            ######..     1%          3    None
g - Tukima's Dance        Hex            ######..     1%          3    None
h - Invisibility          Hex            ######..     4%          6    ######.
i - Silence               Hex/Air        ######....   4%          5    #####..

Your spell library contained the following spells:

 Spells                   Type           Power        Failure   Level  Hunger
 Corona                   Hex            ######.      1%          1    None
 Infusion                 Chrm           ####         1%          1    None
 Ensorcelled Hibernation  Hex/Ice        #####.       1%          2    None
 Slow                     Hex            ######..     1%          2    None
 Shroud of Golubria       Chrm/Tloc      ####......   2%          2    None
 Dazzling Spray           Conj/Hex       #####.       2%          3    None
 Shock                    Conj/Air       ####         3%          1    None
 Poisonous Vapours        Pois/Air       ####..       4%          2    None
 Regeneration             Chrm/Necr      ####......   7%          3    None
 Leda's Liquefaction      Hex/Erth       #####.....   7%          4    ###....
 Static Discharge         Conj/Air       ####....     9%          3    None
 Animate Skeleton         Necr           N/A          14%         1    None
 Beastly Appendage        Tmut           ##....       14%         1    None
 Magic Dart               Conj           ##..         14%         1    None
 Pain                     Necr           ##..         14%         1    None
 Sting                    Conj/Pois      ##..         14%         1    None
 Mephitic Cloud           Conj/Pois/Air  ###.....     14%         3    None
 Call Imp                 Summ           ##......     21%         2    None
 Sticks to Snakes         Tmut           ##......     21%         2    None
 Recall                   Summ/Tloc      N/A          24%         3    None
 Conjure Flame            Conj/Fire      ##......     36%         3    None
 Ignite Poison            Fire/Tmut/Pois ##......     36%         3    None
 Spider Form              Tmut/Pois      ##........   36%         3    None
 Vampiric Draining        Necr           ##........   36%         3    None
 Lightning Bolt           Conj/Air       ####......   54%         5    #####..
 Animate Dead             Necr           N/A          75%         4    ###....
 Ice Form                 Ice/Tmut       ##......     75%         4    ###....
 Olgreb's Toxic Radiance  Pois           ##......     75%         4    ###....
 Blade Hands              Tmut           ##........   97%         5    #####..
 Borgnjor's Vile Clutch   Necr/Erth      ##........   97%         5    #####..
 Irradiate                Conj/Tmut      ##........   97%         5    #####..
 Venom Bolt               Conj/Pois      ##........   97%         5    #####..
 Death Channel            Necr           ##........   100%        6    ######.
 Hydra Form               Tmut           ##........   100%        6    ######.
 Simulacrum               Ice/Necr       ##........   100%        6    ######.
 Statue Form              Tmut/Erth      ##.......    100%        6    ######.
 Dragon Form              Tmut           ##........   100%        7    #######
 Ignition                 Fire           ##........   100%        8    #######
 Shatter                  Erth           ##........   100%        9    #######
 Tornado                  Air            #####.....   100%        9    #######


Dungeon Overview and Level Annotations

Branches:
Dungeon (15/15)            Temple (1/1) D:6            Lair (6/6) D:10
  Swamp (4/4) Lair:4       Spider (4/4) Lair:4        Slime (5/5) Lair:5
    Orc (2/2) D:9             Elf (3/3) Orc:2        Vaults (4/5) D:13
  Crypt (0/3) Vaults:2     Depths (5/5) D:15
    Zot: Depths:5

Altars:
Ashenzari
Cheibriados
Dithmenos
Elyvilon
Fedhas
Gozag
Hepliaklqana
Kikubaaqudgha
Makhleb
Nemelex Xobeh
Okawaru
Qazlal
Ru
Sif Muna
Trog
Uskayaw
Vehumet
Wu Jian
Xom
Yredelemnul
Zin
The Shining One
Beogh
Jiyva

Shops:
D:7 [   D:13 :   D:15 (   Orc:1 [   Orc:2 ([[*:   Elf:1 (   Elf:2 [[(?
Vaults:2 [   Depths:1 (

Portals:
Hell: Depths:1 Depths:2 Depths:4 Depths:5
Abyss: Depths:4 Depths:5
Pandemonium: Depths:5

Annotations:
D:8 Psyche
Lair:1 2 transporters, voshxx's ghost, journeyman GrFi
Lair:5 2 transporters, exclusion: downstairs, Cerr's ghost, journeyman FeWr
Swamp:3 1 runed translucent door
Spider:1 exclusions: 5 doors and 2 oklob plants
Slime:1 exclusion: downstairs
Slime:5 Royal Jelly
Elf:2 3 runed translucent doors, exclusion: Roxanne, Roxanne
Vaults:2 Mennas
Vaults:3 Sojobo
Depths:2 1 exclusion, the Enchantress


Innate Abilities, Weirdness & Mutations

You have razor-sharp teeth.
You heal very quickly.
When hurt, damage is shared between your health and your magic reserves.
Your bite disrupts and absorbs the magic of your enemies.
Potions cannot restore your health.
You are immune to rotting.
You have a pair of small antennae on your head.
You have sharp fingernails.
You are partially covered in iridescent scales. (AC +2)
Scrolls take you a little longer to read.
You are very clumsy. (Dex -4)
Your body sometimes deteriorates upon taking damage.
Your magical capacity is low. (-10% MP)
Your system is resistant to poisons. (rPois)
Your spells are a little harder to cast, but a little more powerful.


Message History

The Executioner hits you but does no damage.
You block the Executioner's attack. x2
The Executioner hits you but does no damage.
A starcursed mass splits.
A chorus of shrieks assaults your mind.
* * * LOW HITPOINT WARNING * * *
You block the Executioner's attack. The Executioner misses you.
The Executioner hits you but does no damage.
You block the Executioner's attack. The Executioner misses you.
You block the Executioner's attack. x2
The Executioner hits you but does no damage.
The Executioner hits you.
* * * LOW HITPOINT WARNING * * *
You block the Executioner's attack.
The Executioner hits you but does no damage.
You block the Executioner's attack. A chorus of shrieks assaults your mind.
* * * LOW HITPOINT WARNING * * *
The Executioner hits you.
You die...

.#...#.... ##
#.###.#.#.#.##..#
.....#.#.#.###.##
.... #......#####
.... #.X.X.....##
# ..##.X###.###.
#. ##.#..##
.###.#.
.##..#.#1## .#.
#..# .......@.#
.## . .
.##....#.....X..
. .#
#.#..###..#.#.#.
# . ##.#...#.# .
#.#. #### # #
.#...# . # . ## #
# . # . #


You could see 4 starcursed masses and an Executioner.

Vanquished Creatures
  A juggernaut (Depths:4)
  Boris (twice) (Vaults:2 Vaults:4)
  Frederick (Vaults:4)
  Bai Suzhen (Vaults:2)
  Xtahua (Vaults:4)
  A golden dragon (shapeshifter) (Depths:3)
  A bone dragon (Abyss:2)
  Nikola (Spider:1)
  Jory (Vaults:3)
  A lich (Abyss:2)
  A Hell Sentinel (Pan)
  A tentacled monstrosity (Depths:4)
  Rupert (Lair:4)
  Asterion (Vaults:3)
  17 acid blobs
  An Executioner (Pan)
  Gastronok (D:11)
  A sphinx (Depths:1)
  6 tentacled starspawn
  A tengu reaver (Depths:1)
  Kirke (Lair:4)
  A shadow dragon (Depths:4)
  Donald (Vaults:1)
  2 thorn hunters
  12 azure jellies
  2 frost giants
  8 fire giants
  5 ghost moths
  A black sun (Pan)
  3 deep elf sorcerers
  2 orc warlords
  An iron dragon (Depths:4)
  4 emperor scorpions (Spider:4)
  3 vault wardens
  A warmonger (Pan)
  A war gargoyle (Depths:3)
  4 spriggan defenders
  A reaper (Pan)
  15 ironheart preservers
  28 very ugly things
  10 stone giants
  A vampire knight (Depths:4)
  10 entropy weavers
  A green draconian (Abyss:2)
  2 deep elf demonologists (Elf:2)
  2 deep elf annihilators
  A lorocyproca (Abyss:1)
  Azrael (D:12)
  5 spark wasps
  7 ettins
  8 fire dragons
  A blizzard demon (Depths:3)
  10 death oozes
  2 deep elf death magi (Vaults:1)
  8 crystal guardians (Depths:3)
  A quicksilver dragon zombie (Depths:4)
  A green death (Pan)
  Fannar (Lair:3)
  A deep elf high priest (Elf:3)
  8 yaktaur captains
  A great orb of eyes (shapeshifter) (Depths:4)
  10 great orbs of eyes
  Erolcha (D:13)
  5 rakshasas
  4 vault guards
  17 hydras
  A spriggan air mage (Depths:3)
  8 ice dragons
  3 monstrous demonspawn (Pan)
  A ghost crab (Swamp:2)
  5 shambling mangroves
  10 centaur warriors
  2 two-headed ogres (shapeshifter)
  21 two-headed ogres
  7 ogre magi
  14 dancing weapons
  A queen ant (Spider:1)
  A death knight (Vaults:2)
  A catoblepas (D:13)
  6 deep troll earth magi
  3 tengu warriors
  10 death yaks
  An alligator (shapeshifter) (Depths:3)
  19 alligators
  An orc high priest (Orc:2)
  11 deep troll shamans
  2 shock serpents (shapeshifter)
  5 spriggan berserkers
  A sun demon (Abyss:1)
  5 thrashing horrors
  A hell hog (Abyss:2)
  12 spriggans
  2 wretched stars (Abyss:2)
  25 deep elf knights
  Nergalle (D:12)
  3 soul eaters (Pan)
  5 hell knights (Depths:1)
  2 sixfirhies
  34 deep trolls
  8 iron trolls
  2 unseen horrors
  2 torturous demonspawn (Pan)
  A deep troll (shapeshifter) (D:13)
  2 spatial maelstroms (Abyss:2)
  8 swamp dragons (Swamp:4)
  3 spriggan druids
  2 gelid demonspawn (Pan)
  3 starcursed masses (Abyss:2)
  3 flayed ghosts
  6 wizards
  15 orc knights
  9 ironbrand convokers
  13 harpies
  8 glowing orange brains
  2 wolf spider zombies
  3 lindwurms
  A phantasmal warrior (Vaults:4)
  19 orb spiders
  22 deep elf archers
  3 necromancers
  57 deep elf magi
  38 wolf spiders
  An oklob plant (Depths:4)
  A mana viper (shapeshifter) (Depths:3)
  3 worldbinders
  A frost giant zombie (Depths:4)
  A salamander (shapeshifter) (Vaults:2)
  56 ugly things
  4 orc sorcerers
  8 cyclopes
  A moth of wrath (Spider:4)
  15 large abominations
  A moth of wrath (shapeshifter) (Vaults:3)
  8 shining eyes
  An iron dragon skeleton (Depths:4)
  6 elephants
  2 ice statues (IceCv)
  A rust devil (Abyss:2)
  6 vault sentinels
  2 black mambas
  4 gargoyles
  3 centaur zombies
  An apocalypse crab (Abyss:2)
  9 smoke demons
  2 molten gargoyles (Depths:3)
  2 eyes of devastation
  A dire elephant skeleton (Abyss:1)
  A torpor snail (Spider:1)
  A kobold demonologist (D:13)
  23 spiny frogs
  A torpor snail (shapeshifter) (Vaults:1)
  4 orange demons
  4 rime drakes
  A spriggan skeleton (Depths:4)
  16 yaktaurs
  An efreet (D:15)
  5 komodo dragons
  2 hellwings (Pan)
  3 tormentors
  9 demonic crawlers
  4 freezing wraiths
  An ice devil (Depths:4)
  A tengu conjurer (Elf:1)
  6 ancient zymes (Abyss:2)
  A golden dragon simulacrum (Abyss:2)
  A meliai (shapeshifter) (Depths:3)
  A queen bee (Lair:3)
  A polar bear (Lair:5)
  28 hornets
  31 jumping spiders
  21 blink frogs
  6 trolls
  16 tyrant leeches
  7 dream sheep (Lair:5)
  76 slime creatures
  A wind drake (shapeshifter) (Vaults:3)
  5 bog bodies
  14 hippogriffs
  9 raiju
  A harpy skeleton (D:15)
  2 slime creatures (shapeshifter) (Depths:3)
  5 wind drakes (Depths:3)
  A hippogriff (shapeshifter) (Depths:1)
  A spriggan (shapeshifter) (Vaults:1)
  4 shadows
  9 air elementals
  84 redbacks
  44 tarantellas
  4 ynoxinuls (Abyss:2)
  3 wyverns
  Sigmund (D:2)
  2 vampires
  A tarantella (shapeshifter) (Elf:1)
  2 hogs (Lair:3)
  19 water elementals
  11 wraiths
  A human (shapeshifter) (Vaults:2)
  3 basilisks
  6 golden eyes (Abyss:2)
  A golden eye (shapeshifter) (D:14)
  25 yaks
  4 hungry ghosts
  5 steam dragons
  11 fire elementals
  Eustachio (D:5)
  2 neqoxecs (Abyss:2)
  23 vampire mosquitoes
  3 chaos spawn (Abyss:2)
  21 insubstantial wisps
  A spatial vortex (Abyss:2)
  15 swamp worms
  11 small abominations
  9 wargs
  25 soldier ants
  3 acid dragons
  2 water moccasins
  9 hell hounds
  43 orc warriors
  A porcupine (shapeshifter) (D:13)
  7 porcupines
  13 swamp drakes
  2 black bears
  A black bear (shapeshifter) (Depths:2)
  25 ice beasts
  A sky beast (D:7)
  4 phantoms
  A necrophage (D:8)
  24 ogres
  7 eyes of draining
  9 centaurs
  9 boggarts
  33 wolves
  12 crocodiles
  3 big kobolds
  Blork the orc (Orc:2)
  8 earth elementals
  20 bullfrogs
  A gnoll sergeant (D:8)
  5 scorpions
  A water moccasin skeleton (D:8)
  A human simulacrum (Vaults:2)
  3 troll zombies (D:9)
  29 killer bees
  8 wights
  6 electric eels
  A howler monkey (shapeshifter) (Elf:1)
  4 howler monkeys
  5 bullfrog zombies
  8 crimson imps
  3 quasits
  An iron imp (Abyss:1)
  24 orc priests
  A bullfrog skeleton (D:4)
  11 hounds
  4 jellies
  20 orc wizards
  3 centaur skeletons
  5 iguanas
  27 worker ants
  A worker ant (shapeshifter) (D:13)
  A hound zombie (D:5)
  3 ogre zombies (D:9)
  9 gnolls
  16 adders
  3 shadow imps
  3 white imps
  3 ufetubi
  2 oozes (D:6)
  An adder zombie (D:8)
  An adder skeleton (D:6)
  3 worms
  2 ball lightnings (Depths:3)
  2 dart slugs
  3 leopard geckos
  76 orcs
  2 ball pythons
  6 giant cockroaches
  6 goblins
  11 hobgoblins
  12 jackals
  3 quokkas
  13 bats
  A frilled lizard (D:1)
  A giant cockroach zombie (D:5)
  2 goblin skeletons (D:9)
  3 goblin zombies (D:9)
  2 hobgoblin skeletons (D:9)
  2 hobgoblin zombies (D:9)
  18 kobolds
  A leopard gecko zombie (D:7)
  10 orc zombies (D:9)
  A quokka skeleton (D:6)
  4 rats
  A butterfly (Lair:3)
  A fire vortex (Swamp:4)
  4 fungi
  A lurking horror (Abyss:3)
  5 starspawn tentacles (Abyss:2)
2161 creatures vanquished.

Vanquished Creatures (collateral kills)
  A vault warden (Vaults:4)
  A war gargoyle (Depths:3)
  A crystal guardian (Vaults:3)
  An ogre mage (Vaults:2)
  A glowing orange brain (Depths:3)
  An orc knight (Vaults:4)
  A redback (Spider:4)
  An orc warrior (Vaults:4)
  An ogre (Vaults:1)
  An orc (Vaults:2)
10 creatures vanquished.

Vanquished Creatures (others)
  A stone giant (Depths:1)
  A yaktaur captain (Depths:4)
  An alligator (Swamp:1)
  A centaur warrior (Vaults:1)
  A deep elf knight (Elf:1)
  2 swamp dragons (Swamp:4)
  A wizard (Vaults:1)
  A lindwurm (Swamp:4)
  A manticore (Depths:2)
  A yaktaur (Vaults:3)
  8 dancing weapons
  A steam dragon (Swamp:4)
  2 vampire mosquitoes (Swamp:4)
  4 swamp drakes
  A boggart (Depths:2)
  4 centaurs (Vaults:3)
  5 ball lightnings (Depths:3)
  An orc (Vaults:3)
  13 fungi
  34 plants
  13 spectral weapons
  21 starspawn tentacles (Abyss:2)
118 creatures vanquished.

Grand Total: 2289 creatures vanquished

Notes
Turn   | Place    | Note
-------+----------+-------------------------------------------
     0 | D:1      | 4FPSwarrior the Vine Stalker Assassin began the quest for
                  | the Orb.
     0 | D:1      | Reached XP level 1. HP: 11/11 MP: 2/2
   145 | D:1      | Reached skill level 5 in Stealth
   269 | D:1      | Reached XP level 2. HP: 15/15 MP: 3/3
  1108 | D:2      | Reached XP level 3. HP: 17/18 MP: 4/4
  1639 | D:2      | Noticed Sigmund
  2054 | D:3      | Gained mutation: Your natural rate of healing is unusually
                  | fast. [Vine Stalker growth]
  2054 | D:3      | Reached XP level 4. HP: 23/23 MP: 5/5
  2058 | D:3      | Reached skill level 6 in Stealth
  2418 | D:3      | Reached XP level 5. HP: 16/26 MP: 3/6
  2529 | D:3      | Reached skill level 1 in Spellcasting
  2606 | D:3      | Reached skill level 7 in Stealth
  2611 | D:3      | Reached XP level 6. HP: 10/30 MP: 4/9
  3061 | D:2      | You fall through a shaft!
  3363 | D:4      | Reached XP level 7. HP: 23/34 MP: 11/11
  3448 | D:4      | Reached skill level 1 in Shields
  4115 | D:2      | Killed Sigmund
  4115 | D:2      | Reached skill level 8 in Stealth
  4356 | D:5      | Entered Level 5 of the Dungeon
  4406 | D:5      | You fall through a shaft for 3 floors!
  4851 | D:8      | Reached skill level 5 in Short Blades
  4851 | D:8      | Gained mutation: You have razor-sharp teeth. [Vine Stalker
                  | growth]
  4851 | D:8      | Reached XP level 8. HP: 38/38 MP: 14/14
  4948 | D:7      | Found Nuitaumn's Armour Boutique.
  5203 | D:5      | Found a radiant altar of Vehumet.
  5203 | D:5      | Found a burning altar of Makhleb.
  5249 | D:5      | Found a basalt altar of Yredelemnul.
  5315 | D:5      | Got a twitching silver ring
  5363 | D:5      | Noticed Eustachio
  5535 | D:5      | Reached skill level 9 in Stealth
  5602 | D:5      | Identified the cursed ring "Qaemikac" {+Inv MR- Int+9 Dex-2
                  | Stlth-} (You found it on level 5 of the Dungeon)
  5657 | D:5      | Found an ornate altar of the Wu Jian Council.
  5659 | D:5      | Killed Eustachio
  6055 | D:5      | Reached XP level 9. HP: 42/42 MP: 17/17
  6071 | D:6      | Reached skill level 5 in Spellcasting
  6106 | D:6      | Found a staircase to the Ecumenical Temple.
  6115 | Temple   | Entered the Ecumenical Temple
  6145 | Temple   | Became a worshipper of Warmaster Okawaru
  6352 | D:6      | Found an opulent altar of Gozag.
  6758 | D:6      | Reached skill level 10 in Stealth
  6905 | D:7      | Found a glowing silver altar of Zin.
  6905 | D:7      | Found a glowing golden altar of the Shining One.
  6905 | D:7      | Found a deep blue altar of Sif Muna.
  6976 | D:7      | Found a shadowy altar of Dithmenos.
  6977 | D:7      | Found a snail-covered altar of Cheibriados.
  6978 | D:7      | Found a hazy altar of Hepliaklqana.
  7054 | D:7      | Reached skill level 1 in Invocations
  7469 | D:7      | Reached * piety under Okawaru
  7817 | D:7      | Bought a +2 robe of magic resistance for 265 gold pieces
  8074 | D:8      | Reached XP level 10. HP: 47/48 MP: 20/20
  8135 | D:8      | Killed an unseen horror
  8135 | D:8      | Reached ** piety under Okawaru
  8201 | D:8      | Noticed a gargoyle
  8204 | D:8      | Killed a gargoyle
  8226 | D:8      | Learned a level 3 spell: Spectral Weapon
  8229 | D:8      | Learned a level 2 spell: Song of Slaying
  8312 | D:8      | Got a jewelled rapier
  8583 | D:8      | Reached *** piety under Okawaru
  8661 | D:8      | Found a shimmering altar of Xom.
  8686 | D:8      | Noticed Psyche
  9337 | D:9      | Found a staircase to the Orcish Mines.
  9339 | D:9      | Reached skill level 11 in Stealth
  9822 | D:9      | Reached **** piety under Okawaru
  9855 | D:9      | Reached XP level 11. HP: 53/53 MP: 22/22
  9883 | D:9      | Received a gift from Okawaru
 10244 | D:10     | Entered Level 10 of the Dungeon
 10586 | D:10     | Noticed a purple ugly thing
 10607 | D:10     | Killed a purple ugly thing
 10721 | D:10     | Noticed a two-headed ogre
 10751 | D:10     | Found a staircase to the Lair.
 11044 | D:10     | Killed a two-headed ogre
 11044 | D:10     | Reached skill level 5 in Fighting
 11220 | D:10     | Identified the +6 rapier of the Enchanted Forest {distort,
                  | +Fly MR- Stlth+} (You found it on level 8 of the Dungeon)
 11250 | D:11     | Noticed a two-headed ogre
 11255 | D:11     | Killed a two-headed ogre
 11255 | D:11     | Reached ***** piety under Okawaru
 11314 | D:11     | Noticed a cyclops
 11316 | D:11     | Killed a cyclops
 11419 | D:11     | Reached skill level 12 in Stealth
 11440 | D:11     | Got an ebony short sword
 11528 | D:11     | Killed an unseen horror
 11656 | D:11     | Received a gift from Okawaru
 11697 | D:11     | Noticed a two-headed ogre
 11710 | D:11     | Killed a two-headed ogre
 11799 | D:11     | Reached skill level 10 in Short Blades
 11843 | D:11     | Noticed Gastronok
 11857 | D:11     | Killed Gastronok
 11857 | D:11     | Gained mutation: You heal very quickly. [Vine Stalker
                  | growth]
 11857 | D:11     | Reached XP level 12. HP: 59/61 MP: 25/25
 12062 | Lair:1   | Entered Level 1 of the Lair of Beasts
 12339 | Lair:1   | Reached skill level 13 in Stealth
 12375 | Lair:1   | Found a transporter.
 12375 | Lair:1   | Found a transporter.
 12397 | Lair:1   | Noticed voshxx's ghost (journeyman GrFi)
 12457 | Lair:1   | Reached skill level 1 in Dodging
 12468 | Lair:1   | Received a gift from Okawaru
 12861 | Lair:2   | Reached skill level 1 in Charms
 12865 | Lair:2   | Noticed a five-headed hydra
 12930 | Lair:2   | Reached skill level 1 in Hexes
 12952 | Lair:2   | Reached skill level 1 in Armour
 13462 | Lair:2   | Received a gift from Okawaru
 13915 | Lair:2   | Killed a five-headed hydra
 14301 | Lair:2   | Reached skill level 5 in Invocations
 14467 | Lair:3   | Noticed Fannar
 14486 | Lair:2   | Reached XP level 13. HP: 55/67 MP: 27/27
 15026 | Lair:3   | Killed Fannar
 15753 | Lair:4   | Found a hole to the Spider Nest.
 16270 | Lair:4   | You fall through a shaft for 2 floors!
 16270 | Lair:6   | Entered Level 6 of the Lair of Beasts
 16270 | Lair:6   | Found a shadowy altar of Dithmenos.
 16362 | Lair:6   | Received a gift from Okawaru
 16621 | Lair:5   | Found a staircase to the Slime Pits.
 16654 | Lair:4   | Noticed Kirke
 16686 | Lair:4   | Killed Kirke
 16686 | Lair:4   | Reached skill level 14 in Stealth
 16686 | Lair:4   | Reached skill level 10 in Spellcasting
 17177 | Lair:4   | Found a staircase to the Swamp.
 17349 | Lair:4   | Received a gift from Okawaru
 17606 | Lair:5   | Reached XP level 14. HP: 72/73 MP: 29/29
 17750 | Lair:5   | Reached skill level 5 in Charms
 17893 | Lair:5   | Found a transporter.
 17902 | Lair:5   | Noticed Cerr's ghost (journeyman FeWr)
 18015 | Lair:4   | Reached skill level 5 in Hexes
 18346 | Lair:5   | Found a transporter.
 19612 | Lair:6   | Received a gift from Okawaru
 20172 | Orc:1    | Entered Level 1 of the Orcish Mines
 20304 | Orc:1    | Found Oriy's Antique Armour Shop.
 20316 | Orc:1    | Noticed an orc warlord
 20473 | D:9      | Killed an orc warlord
 20473 | D:9      | Received a gift from Okawaru
 20473 | D:9      | Reached skill level 5 in Dodging
 20825 | Orc:1    | Found a roughly hewn altar of Beogh.
 21154 | Orc:2    | Entered Level 2 of the Orcish Mines
 21979 | Orc:2    | Noticed an orc warlord
 22065 | Orc:1    | Killed an orc warlord
 22065 | Orc:1    | Reached skill level 5 in Armour
 22065 | Orc:1    | Reached XP level 15. HP: 62/79 MP: 30/30
 22091 | Orc:1    | Learned a level 2 spell: Swiftness
 22169 | Orc:2    | Noticed Blork the orc
 22194 | Orc:2    | Killed Blork the orc
 22539 | Orc:2    | Found a roughly hewn altar of Beogh.
 22542 | Orc:2    | Found Okhituf's Book Emporium.
 22651 | Orc:2    | Found a staircase to the Elven Halls.
 22693 | Orc:2    | Found Nixtumn's Armour Boutique.
 22718 | Orc:2    | Found Ymaet's Antique Weapon Emporium.
 22733 | Orc:2    | Found Ihupn's Antique Armour Emporium.
 22738 | Orc:2    | Found Besaseq's General Store.
 22814 | Orc:2    | Bought a scroll of acquirement for 728 gold pieces
 22903 | Orc:1    | Bought a bloodstained robe for 182 gold pieces
 22913 | Orc:1    | Identified the +1 robe "Zemelao" {MR+} (You bought it in a
                  | shop on level 1 of the Orcish Mines)
 23501 | D:12     | Reached skill level 1 in Air Magic
 23711 | D:12     | Noticed Nergalle
 23728 | D:12     | Killed Nergalle
 23736 | D:12     | Received a gift from Okawaru
 23771 | D:12     | Noticed Azrael
 24173 | D:12     | Killed Azrael
 24543 | D:13     | Found Izeliat's Book Boutique.
 24621 | D:13     | Found a frozen archway.
 24649 | D:13     | Reached skill level 15 in Stealth
 24698 | IceCv    | Entered an ice cave
 25322 | D:13     | Noticed Erolcha
 25327 | D:13     | Killed Erolcha
 25401 | D:13     | Found a gate to the Vaults.
 25783 | D:13     | Received a gift from Okawaru
 26251 | D:13     | Noticed a fire giant
 26311 | D:13     | Killed a fire giant
 26311 | D:13     | Reached skill level 10 in Fighting
 27212 | D:14     | Reached XP level 16. HP: 85/85 MP: 32/32
 27488 | D:15     | Entered Level 15 of the Dungeon
 27769 | D:15     | Found Azybb's Weapon Emporium.
 27827 | D:15     | Received a gift from Okawaru
 28116 | D:15     | Found a staircase to the Depths.
 28631 | Swamp:1  | Entered Level 1 of the Swamp
 28865 | Spider:1 | Entered Level 1 of the Spider Nest
 28865 | Spider:1 | Noticed Rupert
 28884 | Lair:4   | Killed Rupert
 29091 | Elf:1    | Entered Level 1 of the Elven Halls
 29525 | Elf:1    | Received a gift from Okawaru
 29858 | Elf:1    | Found Voututh's Weapon Boutique.
 29862 | Elf:1    | Bought a +1 rapier of speed for 266 gold pieces
 30161 | Elf:1    | Reached skill level 5 in Shields
 30234 | Elf:1    | Reached skill level 5 in Throwing
 30454 | Elf:2    | Found Imorra's Armour Emporium.
 30548 | Elf:2    | Found Saozuig's Antique Weapon Shoppe.
 30733 | Elf:2    | Received a gift from Okawaru
 30802 | Elf:2    | Learned a level 4 spell: Airstrike
 30811 | Elf:2    | Found Bely's Antique Armour Shop.
 30815 | Elf:2    | Found Sorauss's Magic Scroll Shop.
 30838 | Elf:2    | Bought a scroll of summoning for 142 gold pieces
 30845 | Elf:2    | Bought a thick robe for 136 gold pieces
 30855 | Elf:2    | Identified the +3 robe of the Imp {Slay+2} (You bought it
                  | in a shop on level 2 of the Elven Halls)
 30858 | Elf:2    | Reached XP level 17. HP: 91/91 MP: 34/34
 30906 | Elf:2    | Found a runed translucent gate.
 30906 | Elf:2    | Found a runed translucent gate.
 30907 | Elf:2    | Found a runed translucent gate.
 30966 | Elf:2    | Noticed an Ice Fiend
 30967 | Elf:2    | Noticed an Executioner
 31035 | Elf:2    | Noticed Roxanne
 31983 | Spider:1 | Reached skill level 5 in Air Magic
 32170 | Spider:1 | Reached skill level 16 in Stealth
 32413 | Spider:1 | Received a gift from Okawaru
 32432 | Spider:1 | Noticed Nikola
 32467 | Spider:1 | Killed Nikola
 33014 | Spider:1 | Received a gift from Okawaru
 33510 | Spider:2 | Reached skill level 1 in Evocations
 34556 | Spider:3 | Reached ****** piety under Okawaru
 34735 | Spider:3 | Received a gift from Okawaru
 35035 | Spider:3 | Reached XP level 18. HP: 85/96 MP: 35/35
 35390 | Spider:4 | Entered Level 4 of the Spider Nest
 35778 | Spider:4 | Received a gift from Okawaru
 35821 | Spider:4 | Got an iridescent quick blade {god gift}
 35822 | Spider:4 | Identified the +1 quick blade "Beastbane" {pierce, *Rage
                  | Int+9 Dex-2 SInv} (Okawaru gifted it to you on level 4 of
                  | the Spider Nest)
 37145 | Spider:4 | Received a gift from Okawaru
 37673 | Spider:4 | Paralysed by a hornet for 2 turns
 37960 | Spider:4 | Received a gift from Okawaru
 38117 | Spider:4 | Got a gossamer rune of Zot
 38621 | Elf:3    | Entered Level 3 of the Elven Halls
 38621 | Elf:3    | Found a radiant altar of Vehumet.
 38723 | Elf:3    | Noticed a deep elf master archer
 40355 | Swamp:1  | Reached XP level 19. HP: 100/102 MP: 36/36
 40394 | Swamp:1  | Reached skill level 17 in Stealth
 41019 | Swamp:2  | Received a gift from Okawaru
 41292 | Swamp:2  | Learned a level 2 spell: Blink
 42084 | Swamp:3  | Found a runed translucent door.
 42268 | Swamp:3  | Reached skill level 1 in Translocations
 42345 | Swamp:3  | Learned a level 3 spell: Confuse
 42349 | Swamp:3  | Learned a level 3 spell: Tukima's Dance
 42991 | Swamp:4  | Entered Level 4 of the Swamp
 43122 | Swamp:4  | Received a gift from Okawaru
 43369 | Swamp:4  | Reached skill level 5 in Evocations
 43603 | Swamp:4  | Received a gift from Okawaru
 43848 | Swamp:4  | Got a vibrating golden ring
 43850 | Swamp:4  | Identified the ring "Wyowifas" {rF+ rN+} (You found it on
                  | level 4 of the Swamp)
 44056 | Swamp:4  | Got a decaying rune of Zot
 44581 | Vaults:1 | Entered Level 1 of the Vaults
 45042 | Vaults:1 | Noticed Donald
 45048 | Vaults:1 | Killed Donald
 45380 | Vaults:1 | Received a gift from Okawaru
 45663 | Vaults:1 | Reached XP level 20. HP: 107/107 MP: 37/37
 46157 | Vaults:1 | Reached skill level 10 in Shields
 46703 | Vaults:2 | Found Olosoqewn's Antique Armour Shoppe.
 46921 | Vaults:1 | Reached skill level 18 in Stealth
 47175 | Vaults:2 | Found a staircase to the Crypt.
 47175 | Vaults:2 | Found an ancient bone altar of Kikubaaqudgha.
 47176 | Vaults:2 | Found a basalt altar of Yredelemnul.
 47203 | Vaults:2 | Noticed Bai Suzhen
 47244 | Vaults:2 | Killed Bai Suzhen
 47244 | Vaults:2 | Received a gift from Okawaru
 47266 | Vaults:2 | Noticed Boris
 47479 | Vaults:2 | Noticed Mennas
 47849 | Vaults:2 | Identified the Disquisition on Ensnaring Envenoming
 47858 | Vaults:2 | Learned a level 6 spell: Invisibility
 47940 | Vaults:2 | Killed Boris
 48155 | Vaults:2 | Received a gift from Okawaru
 48165 | Vaults:2 | Paralysed by an ogre mage for 5 turns
 48364 | Vaults:3 | Received a gift from Okawaru
 48409 | Vaults:3 | Noticed Jory
 48455 | Vaults:3 | Killed Jory
 48455 | Vaults:3 | Reached XP level 21. HP: 86/113 MP: 38/38
 48758 | Vaults:3 | Noticed Asterion
 48850 | Vaults:3 | Reached skill level 10 in Hexes
 49278 | Vaults:3 | HP: 2/113 [crystal guardian/crystal bolt (28)]
 50470 | Vaults:3 | Noticed Sojobo
 50624 | Vaults:3 | Killed Asterion
 50624 | Vaults:3 | Received a gift from Okawaru
 50783 | Vaults:4 | Noticed Boris
 50848 | Vaults:4 | Noticed Xtahua
 50861 | Vaults:4 | Killed Xtahua
 51145 | Vaults:4 | Killed Boris
 51145 | Vaults:4 | Received a gift from Okawaru
 51493 | Vaults:4 | Reached skill level 19 in Stealth
 51744 | Vaults:4 | Received a gift from Okawaru
 52321 | Vaults:4 | Noticed Frederick
 52327 | Vaults:4 | Killed Frederick
 52683 | Vaults:4 | Reached XP level 22. HP: 116/119 MP: 39/39
 53301 | Orc:1    | Bought a runed helmet for 240 gold pieces
 53368 | Orc:2    | Bought a runed scarf for 216 gold pieces
 53577 | Slime:1  | Entered Level 1 of the Pits of Slime
 53752 | Slime:1  | Gained mutation: Scrolls take you a little longer to read.
                  | [a shining eye]
 53779 | Slime:2  | Gained mutation: You are dopey. (Int -2) [a shining eye]
 53789 | Slime:2  | Gained mutation: You tend to lose your temper in combat. [a
                  | shining eye]
 53801 | Slime:1  | Gained mutation: You have an increased reservoir of magic.
                  | (+10% MP) [a shining eye]
 53804 | Slime:1  | Gained mutation: You have a pair of small horns on your
                  | head. [a shining eye]
 53808 | Slime:1  | Gained mutation: You are clumsy. (Dex -2) [a shining eye]
 53849 | Slime:1  | Gained mutation: Scrolls take you longer to read. [a
                  | shining eye]
 54000 | Slime:5  | Entered Level 5 of the Pits of Slime
 55011 | Slime:4  | Received a gift from Okawaru
 55190 | Lair:5   | Lost mutation: You have a pair of small horns on your head.
                  | [potion of mutation]
 55190 | Lair:5   | Lost mutation: You tend to lose your temper in combat.
                  | [potion of mutation]
 55190 | Lair:5   | Lost mutation: You are dopey. (Int -2) [potion of mutation]
 55190 | Lair:5   | Gained mutation: You have sharp fingernails. [potion of
                  | mutation]
 55190 | Lair:5   | Gained mutation: You passively map a small area around you.
                  | [potion of mutation]
 55417 | Depths:1 | Entered Level 1 of the Depths
 55438 | Depths:1 | Found Kithridu's Weapon Shoppe.
 55900 | Depths:1 | Found a gateway to Hell.
 56393 | Depths:1 | Received a gift from Okawaru
 56404 | Depths:1 | Identified the +10 rapier of Defiance {pierce, Fragile
                  | rElec Int+4 Dex+3} (Okawaru gifted it to you on level 1 of
                  | the Depths)
 56517 | Depths:1 | Reached skill level 10 in Throwing
 57325 | Depths:2 | Received a gift from Okawaru
 58252 | Depths:2 | Identified the +1 troll leather armour "Tuheg" {Regen+
                  | Str+2 SInv}
 58429 | Depths:2 | Found a radiant altar of Vehumet.
 58436 | Depths:2 | Identified the +4 faerie dragon scales {rC+ rCorr}
 58436 | Depths:2 | Noticed the Enchantress
 60106 | Depths:3 | Reached XP level 23. HP: 124/124 MP: 44/44
 60295 | Depths:3 | Received a gift from Okawaru
 60465 | Depths:3 | Noticed a juggernaut
 60465 | Depths:3 | a sphinx changed into a juggernaut
 60468 | Depths:3 | a juggernaut changed into an iron giant
 60814 | Depths:3 | Noticed a golden dragon
 60814 | Depths:3 | a shadow dragon changed into a golden dragon
 60829 | Depths:3 | Killed a golden dragon
 61175 | Depths:3 | Learned a level 5 spell: Silence
 61209 | Depths:4 | Found a one-way gate to the infinite horrors of the Abyss.
 61328 | Depths:4 | Reached skill level 20 in Stealth
 62842 | Depths:5 | Entered Level 5 of the Depths
 62842 | Depths:5 | Noticed a juggernaut
 62843 | Depths:5 | Found a flickering gateway to a bazaar.
 63167 | Depths:4 | Killed a juggernaut
 63167 | Depths:4 | Received a gift from Okawaru
 64121 | Depths:4 | Received a gift from Okawaru
 64341 | Depths:5 | Reached XP level 24. HP: 124/130 MP: 44/44
 64708 | Depths:5 | Received a gift from Okawaru
 64974 | Depths:5 | Found a one-way gate leading to the halls of Pandemonium.
 66019 | Slime:5  | Lost mutation: You have an increased reservoir of magic.
                  | (+10% MP) [a shining eye]
 66022 | Slime:5  | Gained mutation: Your body sometimes deteriorates upon
                  | taking damage. [a shining eye]
 66026 | Slime:5  | Gained mutation: You tend to lose your temper in combat. [a
                  | shining eye]
 66027 | Slime:5  | Gained mutation: Scrolls take you much longer to read. [a
                  | shining eye]
 66029 | Slime:5  | Gained mutation: You are weak. (Str -2) [a shining eye]
 66082 | Slime:5  | Gained mutation: Your magical capacity is low. (-10% MP) [a
                  | shining eye]
 66090 | Slime:4  | Received a gift from Okawaru
 66220 | Slime:5  | Gained mutation: Armour fits poorly on your strangely
                  | shaped body. [a shining eye]
 66416 | Slime:5  | Received a gift from Okawaru
 66491 | Slime:5  | Found a viscous altar of Jiyva.
 66492 | Slime:5  | Noticed the Royal Jelly
 66737 | Slime:4  | Lost mutation: Your body sometimes deteriorates upon taking
                  | damage. [potion of mutation]
 66737 | Slime:4  | Lost mutation: Scrolls take you much longer to read.
                  | [potion of mutation]
 66737 | Slime:4  | Lost mutation: You are weak. (Str -2) [potion of mutation]
 66737 | Slime:4  | Gained mutation: You have a pair of small antennae on your
                  | head. [potion of mutation]
 66737 | Slime:4  | Gained mutation: You are very clumsy. (Dex -4) [potion of
                  | mutation]
 66737 | Slime:4  | Gained mutation: Your system is resistant to poisons.
                  | (rPois) [potion of mutation]
 66749 | Slime:4  | Lost mutation: You tend to lose your temper in combat.
                  | [potion of mutation]
 66749 | Slime:4  | Lost mutation: You passively map a small area around you.
                  | [potion of mutation]
 66749 | Slime:4  | Lost mutation: Armour fits poorly on your strangely shaped
                  | body. [potion of mutation]
 66749 | Slime:4  | Gained mutation: Your flesh is heat resistant. (rF+)
                  | [potion of mutation]
 66749 | Slime:4  | Lost mutation: Your system is resistant to poisons. (rPois)
                  | [potion of mutation]
 66749 | Slime:4  | Gained mutation: Your spells are a little harder to cast,
                  | but a little more powerful. [potion of mutation]
 67165 | Slime:5  | Reached skill level 15 in Shields
 67877 | Slime:5  | Found a viscous altar of Jiyva.
 68397 | Depths:4 | Voluntarily entered the Abyss.
 68451 | Abyss:2  | Received a gift from Okawaru
 68674 | Abyss:2  | Found a corrupted altar of Lugonu.
 68710 | Abyss:2  | Gained mutation: You tend to lose your temper in combat. [a
                  | neqoxec]
 68813 | Abyss:2  | Found a corrupted altar of Lugonu.
 68915 | Abyss:2  | Found a corrupted altar of Lugonu.
 68983 | Depths:4 | Escaped the Abyss
 69023 | Pan      | Entered Pandemonium
 69092 | Pan      | Found an exit through the horrors of the Abyss.
 69713 | Pan      | Received a gift from Okawaru
 69848 | Pan      | Reached skill level 15 in Fighting
 70015 | Pan      | Found a transporter.
 70145 | Pan      | Took an exit into the Abyss.
 70145 | Abyss:1  | Escaped into the Abyss
 70608 | Abyss:2  | Received a gift from Okawaru
 70697 | Abyss:2  | Lost mutation: Your flesh is heat resistant. (rF+) [potion
                  | of mutation]
 70697 | Abyss:2  | Lost mutation: You tend to lose your temper in combat.
                  | [potion of mutation]
 70697 | Abyss:2  | Lost mutation: Scrolls take you longer to read. [potion of
                  | mutation]
 70697 | Abyss:2  | Gained mutation: You are partially covered in iridescent
                  | scales. (AC +2) [potion of mutation]
 70697 | Abyss:2  | Gained mutation: Your body sometimes deteriorates upon
                  | taking damage. [potion of mutation]
 70697 | Abyss:2  | Gained mutation: Your system is resistant to poisons.
                  | (rPois) [potion of mutation]
 70822 | Abyss:2  | Found a runed translucent door.
 71109 | Abyss:2  | Found a corrupted altar of Lugonu.
 71177 | Abyss:2  | Found a runed translucent door.
 71390 | Abyss:2  | Reached skill level 15 in Hexes
 71559 | Abyss:2  | Found a corrupted altar of Lugonu.
 71874 | Abyss:2  | Received a gift from Okawaru
 71874 | Abyss:2  | Reached XP level 25. HP: 135/135 MP: 36/36
 72180 | Abyss:2  | Received a gift from Okawaru
 72286 | Abyss:3  | Found a corrupted altar of Lugonu.
 72467 | Abyss:3  | HP: 2/136 [starcursed mass/accursed screaming (9)]
 72467 | Abyss:3  | Slain by an Executioner

Skill      XL: |  1  2  3  4  5  6  7  8  9 10 11 12 13 14 15 16 17 18 19 20 21 22 23 24 |
---------------+-------------------------------------------------------------------------+-----
Short Blades   | 2 3 4 5 7 8 10 11 12 13 14 | 14.0
Stealth        | 5 6 7 8 9 10 11 12 13 14 15 16 17 18 19 20 | 20.9
Spellcasting   | 1 2 3 4 6 7 8 9 10 11 12 | 12.6
Shields        | 2 4 5 6 7 9 11 12 13 14 15 | 15.0
Fighting       | 2 4 6 7 8 9 10 11 12 13 14 15 | 15.2
Throwing       | 2 4 5 6 8 9 10 11 | 11.7
Invocations    | 2 4 5 6 7 8 |  8.0
Dodging        | 2 4 5 6 7 8 9 |  9.6
Charms         | 2 4 6 7 8 9 |  9.0
Hexes          | 2 4 6 7 8 9 11 12 14 15 | 15.2
Armour         | 2 3 5 6 7 |  7.9
Air Magic      | 3 4 5 6 7 |  7.7
Evocations     | 2 4 5 |  5.0
Translocations | 2 |  2.5

Action                   |  1- 3 |  4- 6 |  7- 9 | 10-12 | 13-15 | 16-18 | 19-21 | 22-24 | 25-27 || total
-------------------------+-------+-------+-------+-------+-------+-------+-------+-------+-------++-------
Melee: Dagger            |    61 |   141 |   393 |  1263 |  2786 |  1757 |  2318 |   357 |       ||  9076
       Bite              |     7 |    36 |   149 |   523 |  1350 |   882 |  1082 |  1636 |    90 ||  5755
       Short sword       |       |       |    59 |    87 |       |       |       |       |       ||   146
       Rapier            |       |       |       |       |    66 |   254 |    10 |  1950 |       ||  2280
       Quick blade       |       |       |       |       |       |    84 |       |   895 |   195 ||  1174
       Headbutt          |       |       |       |       |       |       |       |    39 |       ||    39
 Fire: Blowgun           |    44 |    13 |       |       |    26 |       |       |       |       ||    83
Throw: Javelin           |       |    15 |    15 |    20 |    74 |   132 |   145 |   186 |       ||   587
 Cast: Song of Slaying   |       |       |       |     1 |       |     1 |     1 |     4 |       ||     7
       Spectral Weapon   |       |       |       |       |    21 |    17 |     7 |     9 |       ||    54
       Swiftness         |       |       |       |       |     1 |     4 |       |     1 |       ||     6
       Airstrike         |       |       |       |       |       |    10 |     1 |     1 |       ||    12
       Tukima's Dance    |       |       |       |       |       |       |    25 |    16 |       ||    41
       Confuse           |       |       |       |       |       |       |    14 |    13 |       ||    27
       Blink             |       |       |       |       |       |       |       |     5 |       ||     5
       Invisibility      |       |       |       |       |       |       |       |     4 |       ||     4
Invok: Heroism           |       |       |       |    18 |    38 |    26 |    29 |    25 |       ||   136
       Finesse           |       |       |       |       |    17 |    12 |    16 |    14 |       ||    59
 Abil: Evoke Invisibilit |       |       |       |       |       |       |     1 |       |       ||     1
Evoke: Wand              |       |     1 |     9 |    16 |    38 |     9 |    18 |     6 |       ||    97
       Phantom mirror    |       |       |       |       |       |       |     2 |     1 |       ||     3
  Use: Scroll            |     4 |     1 |     5 |     8 |    11 |    14 |     9 |    18 |     3 ||    73
       Potion            |       |       |     1 |     1 |     4 |    15 |     8 |     8 |       ||    37
 Stab: Sleeping          |     8 |    16 |    22 |    41 |    24 |    70 |    64 |    31 |     3 ||   279
       Paralysed         |       |     1 |     4 |       |     1 |       |       |       |       ||     6
       Distracted        |       |       |     3 |     4 |    16 |    12 |     6 |    14 |     2 ||    57
       Held in net/web   |       |       |       |       |       |     2 |       |       |       ||     2
       Invisible         |       |       |       |       |       |     3 |     1 |    13 |       ||    17
       Confused          |       |       |       |       |       |       |     7 |    10 |       ||    17
  Eat: Chunk             |     2 |     6 |     5 |    29 |    33 |    27 |    27 |    20 |       ||   149
       Ration            |       |       |     3 |       |     3 |     5 |     4 |    13 |     1 ||    29
Armor: Robe              |     2 |       |     8 |   272 |   319 |   392 |    53 |    20 |       ||  1066
       Leather armour    |    24 |    18 |    61 |       |       |       |       |       |       ||   103
       Steam dragon scal |       |       |       |     1 |       |       |       |       |       ||     1
       Skin              |       |       |       |    19 |       |       |       |       |       ||    19
       Swamp dragon scal |       |       |       |       |       |       |   295 |   119 |       ||   414
       Fire dragon scale |       |       |       |       |       |       |       |     7 |       ||     7
       Troll leather arm |       |       |       |       |       |       |       |   119 |    33 ||   152
       Ice dragon scales |       |       |       |       |       |       |       |   266 |       ||   266
Dodge: Dodged            |    39 |    54 |   104 |   364 |   973 |   963 |   779 |   865 |    43 ||  4184
Block: Buckler           |       |     4 |   126 |   371 |   709 |   645 |   189 |       |       ||  2044
       Large shield      |       |       |       |       |       |     3 |    12 |       |       ||    15
       Shield            |       |       |       |       |       |       |   609 |  1578 |    91 ||  2278
       Reflection        |       |       |       |       |       |       |    59 |    50 |       ||   109
